 Dungeon Crawl Stone Soup version 0.31-a0-986-g5e6e4ef867 (webtiles) character file.

Game seed: 9909952109993232324

1 subawu the Thrower (level 1, -2/13 HPs)
             Began as a Gnoll Wanderer on Nov 20, 2023.
             Slain by a hobgoblin (3 damage)
             ... on level 1 of the Dungeon.
             The game lasted 00:00:28 (48 turns).

subawu the Thrower (Gnoll Wanderer)                   Turns: 48, Time: 00:00:29

Health: -2/13      AC:  2    Str:  9    XL:     1   Next: 20%
Magic:  4/4        EV: 12    Int: 14    God:
Gold:   0          SH:  0    Dex: 10    Spells: 4/5 levels left

rFire   . . .        a - +2 dagger
rCold   . . .        (no shield)
rNeg    . . .        d - +0 robe
rPois   .            (no helmet)
rElec   .            (no cloak)
rCorr   .            (no gloves)
SInv    .            (no boots)
Will    .....        (no amulet)
Stlth   +            (no ring)
HPRegen 0.22/turn    (no ring)
MPRegen 0.09/turn

%: no passive effects
@: no status effects
A: fangs 1, strong nose, distributed training
a: no special abilities


You were on level 1 of the Dungeon.
You visited 1 branch of the dungeon, and saw 1 of its levels.

Inventory:

Hand Weapons
 a - a +2 dagger (weapon)
Missiles
 b - 4 curare-tipped darts (quivered)
Armour
 d - a +0 robe (worn)
Scrolls
 c - 2 scrolls of fog


   Skills:
 + Level 0.0 Fighting
 + Level 0.0 Short Blades
 + Level 0.0 Long Blades
 + Level 0.0 Axes
 + Level 0.0 Maces & Flails
 + Level 0.0 Polearms
 + Level 0.0 Staves
 + Level 0.0 Ranged Weapons
 + Level 10.3 Throwing
 + Level 2.3 Armour
 + Level 2.3 Dodging
 + Level 0.0 Stealth
 + Level 0.0 Shields
 + Level 0.0 Unarmed Combat
 + Level 2.6 Spellcasting
 + Level 0.0 Conjurations
 + Level 0.0 Hexes
 + Level 0.0 Summonings
 + Level 0.0 Necromancy
 + Level 0.0 Translocations
 + Level 0.0 Transmutations
 + Level 0.0 Fire Magic
 + Level 0.0 Ice Magic
 + Level 0.0 Air Magic
 + Level 1.9 Earth Magic
 + Level 0.0 Poison Magic
 + Level 0.0 Invocations
 + Level 2.3 Evocations
 + Level 0.0 Shapeshifting


You had 4 spell levels left.
You knew the following spells:

 Your Spells              Type           Power      Damage    Failure   Level
a - Sandblast             Erth           14%        2d6       10%         1

Your spell library contained the following spells:

 Spells                   Type           Power      Damage    Failure   Level
 Stone Arrow              Conj/Erth      8%         3d7       41%         3


Dungeon Overview and Level Annotations

Branches:
Dungeon (1/15)

Altars:


Innate Abilities, Weirdness & Mutations

You have very sharp teeth.
Your uncanny sense of smell can sniff out nearby items.
Your experience applies equally to all skills.


Message History

Found a staircase leading out of the dungeon.
You begin with the following items: a +2 dagger, 4 curare-tipped darts, 2 scrolls of fog, a +0 robe; and the following spell memorised: Sandblast; and the following spells available to memorise: Stone Arrow.
Okay, then.
Found a stone staircase leading down.
Okay, then.
There is a stone staircase leading down here.
A kobold comes into view. It is wielding a +0 club.
The kobold shouts!
The kobold moves out of view.
Found a glass ring.
A hobgoblin comes into view.
You see here 14 gold pieces.
The hobgoblin shouts!
The kobold barely misses you.
You hit the kobold.
The kobold is moderately wounded.
A ball python comes into view.
The kobold barely misses you.
You barely miss the kobold.
The kobold is moderately wounded.
The ball python hisses angrily.
You hear an angry hiss.
The kobold barely misses you. The hobgoblin closely misses you.
You hit the kobold.
The kobold is severely wounded.
The kobold closely misses you. The hobgoblin hits you.
You hit the kobold.
You kill the kobold!
The hobgoblin hits you but does no damage.
You closely miss the ball python. The ball python misses you.
The ball python barely misses you. The hobgoblin hits you.
You closely miss the ball python. The ball python bites you.
* * * LOW HITPOINT WARNING * * *
The ball python grabs you. The ball python constricts you.
The hobgoblin barely misses you.
You hit the ball python.
You kill the ball python!
The hobgoblin hits you.
* * * LOW HITPOINT WARNING * * *
Found 2 stones.
The hobgoblin hits you.
You die...

#.####...
#....#.# ####...#
#...####
#...>..#####
######.....##
#####..#
##$#########
#..@.......
.........g.......
.##########...=..
∆ .....# ....#
....# (..# ..##


You could see a hobgoblin.

Vanquished Creatures
  A ball python (D:1)
  A kobold (D:1)
2 creatures vanquished.

Notes
Turn   | Place    | Note
-------+----------+-------------------------------------------
     0 | D:1      | Reached skill level 10 in Throwing
     0 | D:1      | subawu the Gnoll Wanderer began the quest for the Orb.
     0 | D:1      | subawu set off with the following items: a +2 dagger, 4
                  | curare-tipped darts, 2 scrolls of fog, a +0 robe; and the
                  | following spell memorised: Sandblast; and the following
                  | spells available to memorise: Stone Arrow.
     0 | D:1      | Reached XP level 1. HP: 13/13 MP: 4/4
    48 | D:1      | Slain by a hobgoblin

Illustrated notes

Levels and vault maps discovered:
D:1:      roderic_dead_forest, layout_rooms, basic_ecumenical_altar

Skill      XL: | |
---------------+-+-----
Throwing       | | 10.3
Armour         | |  2.3
Dodging        | |  2.3
Spellcasting   | |  2.6
Earth Magic    | |  1.9
Evocations     | |  2.3

Action                     || total
---------------------------++-------
  Melee: Dagger            ||     7
 Armour: Robe              ||     6
  Dodge: Dodged            ||     8

Table legend: (Time is in decaauts)
 A = Elapsed time spent in this place.
 B = Non-inter-level travel time spent in this place.
 C = Inter-level travel time spent in this place.
 D = Time resting spent in this place.
 E = Time spent auto-exploring this place.
 F = Levels seen in this place.
 G = Mean time per level.
                   A        B        C        D        E       F      G
               +--------+--------+--------+--------+--------+-----+--------+
         Total |     48 |     48 |      0 |      0 |     21 |   1 |   48.0 |
       Dungeon |     48 |     48 |      0 |      0 |     21 |   1 |   48.0 |
               +--------+--------+--------+--------+--------+-----+--------+

Top non-repeatable levels by time:
     D:1: 48 daAuts
